 Dungeon Crawl Stone Soup version 0.31-a0-277-g31ea1f65cc (webtiles) character file.

Game seed: 12918519090281637190

6 peeeev the Trooper (level 1, 0/20 HPs)
             Began as a Minotaur Berserker on July 16, 2023.
             Was a Follower of Trog.
             Slain by a gnoll
             ... wielding a +0 flail
              (10 damage)
             ... on level 1 of the Dungeon.
             The game lasted 00:00:30 (110 turns).

peeeev the Trooper (Minotaur Berserker)              Turns: 110, Time: 00:00:31

Health: 0/20       AC:  2    Str: 21    XL:     1   Next: 75%
Magic:  0/0        EV: 12    Int:  4    God:    Trog [*.....]
Gold:   18         SH:  0    Dex:  9    Spells: 0/0 levels left

rFire   . . .        a - +0 spear
rCold   . . .        (no shield)
rNeg    . . .        b - +0 animal skin
rPois   .            (helmet restricted)
rElec   .            (no cloak)
rCorr   .            (no gloves)
SInv    .            (no boots)
Will    .....        (no amulet)
Stlth   +            (no ring)
HPRegen 0.23/turn    (no ring)
MPRegen 0.07/turn

%: no passive effects
@: no status effects
A: horns 2, retaliatory headbutt
a: Renounce Religion, Berserk


You were on level 1 of the Dungeon.
You worshipped Trog.
Trog was aware of your devotion.
You visited 1 branch of the dungeon, and saw 1 of its levels.

You collected 18 gold pieces.

Inventory:

Hand Weapons
 a - a +0 spear (weapon)
Armour
 b - a +0 animal skin (worn)


   Skills:
 + Level 3.8 Fighting
 + Level 3.8 Polearms
 + Level 2.7 Armour
 - Level 2.1 Dodging


You couldn't memorise any spells.
You didn't know any spells.
Your spell library was empty.

Dungeon Overview and Level Annotations

Branches:
Dungeon (1/15)

Altars:


Innate Abilities, Weirdness & Mutations

You have a pair of horns on your head.
You reflexively headbutt those who attack you in melee.


Message History

You kill the ball python!
Trog accepts your kill.
No target in view!
You aren't carrying any potions.
Unknown command.
Reach: a) +0 spear
Press: ? - help, Dir - move target, f - you
Okay, then.
Found 3 stones.
You see here 3 stones.
You open the door.
There is an open door here.
You see here a ball python corpse.
A kobold comes into view. It is wielding a +0 dagger.
The kobold shouts!
You hear a shout!
A gnoll comes into view. It is wielding a +0 flail.
Found 10 gold pieces.
Reach: a) +0 spear
Press: ? - help, Dir - move target, f - kobold
Aim: a kobold, wielding a +0 dagger (about 49% to evade your +0 spear)
You reach to attack!
You miss the kobold.
Reach: a) +0 spear
Press: ? - help, Dir - move target, f/p - kobold
Aim: a kobold, wielding a +0 dagger (about 49% to evade your +0 spear)
You barely miss the kobold. Your headbutt misses the kobold.
You hit the kobold but do no damage. The kobold barely misses you.
You furiously retaliate!
You headbutt the kobold.
You kill the kobold!
Trog accepts your kill.
Found a scroll labelled WYVIKUR WOSAVI.
The gnoll hits you but does no damage.
You see here a +0 dagger.
You barely miss the gnoll. You headbutt the gnoll.
The gnoll is lightly wounded.
The gnoll hits you with a +0 flail!
Ouch! That really hurt!
You hit the gnoll.
The gnoll is moderately wounded.
The gnoll hits you with a +0 flail!
Ouch! That really hurt!
You die...

######..............
#...##..............
#...##.........#####
#....+.........#
#####...##.........#
######.......##.........#
#..(.'.....>......#######
#.####..†.########## ♣
#...........@g...... ♣
#############....... ~
....... .....$. .......
..?.... ....#.# ....#.# ~
~


You could see a gnoll.

Vanquished Creatures
  A dart slug (D:1)
  3 ball pythons (D:1)
  A kobold (D:1)
5 creatures vanquished.

Notes
Turn   | Place    | Note
-------+----------+-------------------------------------------
     0 | D:1      | peeeev the Minotaur Berserker began the quest for the Orb.
     0 | D:1      | Reached XP level 1. HP: 19/19 MP: 0/0
   110 | D:1      | Slain by a gnoll

Illustrated notes

Levels and vault maps discovered:
D:1:      psy_arrival_wood_between_worlds, layout_basic

Action                     || total
---------------------------++-------
  Melee: Spear             ||    15
         Headbutt          ||     4
 Armour: Animal skin       ||     3
  Dodge: Dodged            ||     8

Table legend: (Time is in decaauts)
 A = Elapsed time spent in this place.
 B = Non-inter-level travel time spent in this place.
 C = Inter-level travel time spent in this place.
 D = Time resting spent in this place.
 E = Time spent auto-exploring this place.
 F = Levels seen in this place.
 G = Mean time per level.
                   A        B        C        D        E       F      G
               +--------+--------+--------+--------+--------+-----+--------+
         Total |    108 |    108 |      0 |      0 |     41 |   1 |  108.0 |
       Dungeon |    108 |    108 |      0 |      0 |     41 |   1 |  108.0 |
               +--------+--------+--------+--------+--------+-----+--------+

Top non-repeatable levels by time:
     D:1: 108 daAuts
